 Dungeon Sprint DCSS version 0.19.0-2-gae57169 (webtiles) character file.

42431 Groucho the Severer (level 13, -1/135 HPs)
             Began as a Deep Dwarf Gladiator on Nov 3, 2016.
             Was the Champion of Makhleb.
             Slain by a fire giant
             ... wielding a +0 great sword of flaming
              (2 damage)
             ... in the Dungeon (Sprint IX: "|||||||||||||||||||||||||||||").
             The game lasted 00:14:15 (3749 turns).

Groucho the Severer (Deep Dwarf Gladiator)          Turns: 3749, Time: 00:14:16

Health: -1/135     AC: 39    Str: 22    XL:     13   Next: 85%
Magic:  23/23      EV: 13    Int: 10    God:    Makhleb [******]
Gold:   1537       SH:  0    Dex: 14    Spells: 0 memorised, 12 levels left

rFire  . . .     SeeInvis .     J - +8 frozen axe "Frostbite" {freezing cloud, *Noise +Fly rC+}
rCold  + . .     Gourm    .     q - +2 crystal plate armour
rNeg   . . .     Faith    .     (shield currently unavailable)
rPois  .         Spirit   .     c - +0 helmet
rElec  .         Reflect  .     p - +1 cloak
rCorr  .         Harm     .     K - +1 pair of gloves
MR     +....     NoTele   +     (no boots)
Stlth  ..........               (no amulet)
                                v - +2 ring of protection
                                u - +2 ring of protection

@: non-regenerating
A: damage resistance, recharge devices, sense surroundings 2, slow regeneration
3
a: Device Recharging, Minor Destruction, Lesser Servant of Makhleb, Major
Destruction, Greater Servant of Makhleb, Renounce Religion, Evoke Flight


You were in the Dungeon.
You worshipped Makhleb.
Makhleb was exalted by your worship.
You were not hungry.

You visited 1 branch You collected 1921 gold pieces.
You spent 384 gold pieces at shops.

Inventory:

Hand Weapons
 J - the +8 frozen axe "Frostbite" (weapon) {freezing cloud, *Noise +Fly rC+}
   (You found it in the Dungeon)

   It has been specially enchanted to freeze those struck by it, causing extra
   injury to most foes and up to half again as much damage against particularly
   susceptible opponents.
   It can also slow down cold-blooded creatures.
   It protects you from cold.
   It lets you fly.
   It may make noises in combat.
Missiles
 d - 4 throwing nets
 C - 4 steel javelins (quivered)
Armour
 c - a +0 helmet (worn)
 p - a +1 cloak (worn)
 q - a +2 crystal plate armour (worn)
 K - a +1 pair of gloves (worn)
Jewellery
 u - a +2 ring of protection (left hand)
 v - a +2 ring of protection (right hand)
 G - an uncursed ring of protection from cold
 H - an uncursed ring of fire
 I - an uncursed ring of see invisible
Wands
 e - a wand of heal wounds (3/9)
 o - a wand of iceblast (6/15)
 D - a wand of enslavement (17/24)
Scrolls
 i - 3 scrolls of enchant weapon
 l - 4 scrolls of blinking
 m - 4 scrolls of remove curse
 n - 2 scrolls of amnesia
 w - 3 scrolls of recharging
 x - 5 scrolls of enchant armour
 y - a scroll of identify
 z - a scroll of fear
 E - a scroll of random uselessness
Potions
 a - 2 potions of cure mutation
 b - a potion of berserk rage
 g - 4 potions of heal wounds
 h - a potion of haste
 j - 4 potions of magic
 k - a potion of curing
 F - a potion of invisibility
Comestibles
 f - 13 bread rations
 A - 32 fruits
 B - 12 meat rations


   Skills:
 - Level 14.2 Fighting
 * Level 19.7 Axes
 - Level 1.7 Throwing
 * Level 19.4 Armour
 - Level 16.5 Dodging
 + Level 13.4 Invocations
 - Level 17.3 Evocations


You had 12 spell levels left.
You didn't know any spells.

Dungeon Overview and Level Annotations

Branches:
Dungeon (1/1)

Altars:
Cheibriados
Dithmenos
Elyvilon
Fedhas
Gozag
Hepliaklqana
Kikubaaqudgha
Makhleb
Nemelex Xobeh
Okawaru
Qazlal
Ru
Sif Muna
Trog
Uskayaw
Vehumet
Xom
Yredelemnul
Zin
The Shining One
Beogh
Jiyva
Lugonu

Shops:
D **[(


Innate Abilities, Weirdness & Mutations

You are resistant to damage.
You can recharge devices by infusing magical energy.
You passively map the area around you.
You do not regenerate.


Message History

The fireball engulfs the fire giant.
The fire giant resists.
You completely miss the fire giant.
The fire giant is lightly wounded.
The fire giant gestures at you while chanting.
The bolt of fire hits you!
* * * LOW HITPOINT WARNING * * *
You slash the fire giant! You freeze the fire giant.
The fire giant is lightly wounded.
The fire giant gestures at you while chanting.
The fireball explodes!
The fireball engulfs you!
* * * LOW HITPOINT WARNING * * *
The fireball engulfs the fire giant.
The fire giant resists.
You barely miss the fire giant.
The fire giant is moderately wounded.
The fire giant hits you but does no damage.
You slice the fire giant!! You freeze the fire giant.
The fire giant is heavily wounded.
The fire giant is engulfed in freezing vapours.
The fire giant hits you with a great sword of flaming.
You die...

...'=....)))))))).[[..[[[[.......
▓▓▓▓▓▓▓▓▓▓▓▓▓▓▓▓▓▓▓▓▓▓▓▓▓▓▓▓▓▓▓▓▓
.................................
▓▓▓▓▓▓▓▓▓▓▓▓▓▓▓▓▓▓▓▓▓▓▓▓▓▓▓▓▓▓▓▓▓
.........'))......^'....(.(.((()(
▓▓▓▓▓▓▓▓▓▓▓▓▓▓▓▓▓▓▓▓▓▓▓▓▓▓▓▓▓▓▓▓▓
.................................
▓▓▓▓▓▓▓▓▓▓▓▓▓▓▓▓▓▓▓▓▓▓▓▓▓▓▓▓▓▓▓▓▓
.....((....)(([[@CCcQTC. ,
▓▓▓▓▓▓▓▓▓▓▓▓▓▓▓▓▓▓▓▓▓▓▓▓ * * , ,
, ,,, , , , , , * * * ** * * ** *
, , , , ,, , ,, , * * * ** * * *
* , , , , , , , * ** * * * ** * +
,, + , , ,


You could see a fire giant, a stone giant, an ettin, a tengu warrior, a centaur
warrior and a deep troll earth mage.

Vanquished Creatures
  Frances (D)
  Donald (D)
  A ghost moth (D)
  2 emperor scorpions (D)
  2 stone giants (D)
  A merfolk impaler (D)
  A fire dragon (D)
  An ogre mage (D)
  A yaktaur captain (D)
  An ice dragon (D)
  A naga warrior (D)
  A hydra (D)
  2 centaur warriors (D)
  An alligator (D)
  A deep troll earth mage (D)
  An orc high priest (D)
  2 naga sharpshooters (D)
  Urug (D)
  2 spriggan berserkers (D)
  A sea snake (D)
  A spriggan druid (D)
  An unseen horror (D)
  A glowing orange brain (D)
  2 wizards (D)
  2 naga ritualists (D)
  A mana viper (D)
  2 hill giants (D)
  4 orc knights (D)
  5 orc sorcerers (D)
  3 wolf spiders (D)
  3 manticores (D)
  An elephant (D)
  2 black mambas (D)
  Psyche (D)
  7 spiny frogs (D)
  A freezing wraith (D)
  2 yaktaurs (D)
  6 polar bears (D)
  A hornet (D)
  A jumping spider (D)
  A troll (D)
  A merfolk (D)
  A wind drake (D)
  2 hippogriffs (D)
  A bog body (D)
  2 snapping turtles (D)
  2 shadows (D)
  3 tarantellas (D)
  A basilisk (D)
  A yak (D)
  2 vampire mosquitoes (D)
  A naga (D)
  5 water moccasins (D)
  An ice beast (D)
  8 orc warriors (D)
  3 black bears (D)
  3 crocodiles (D)
  A crocodile (shapeshifter) (D)
  A bullfrog (D)
  A crimson imp (D)
  5 orc priests (D)
  11 orc wizards (D)
  A worker ant (D)
  An adder (D)
  An adder zombie (D)
  An adder skeleton (D)
  8 orcs (D)
  A bat (D)
  2 giant cockroaches (D)
  A hobgoblin (D)
  A quokka (D)
  A frilled lizard (D)
  A quokka skeleton (D)
  A rat (D)
149 creatures vanquished.

Vanquished Creatures (others)
  2 vampire magi (D)
  Sonja (D)
  An orc wizard (D)
4 creatures vanquished.

Grand Total: 153 creatures vanquished

Notes
Turn   | Place    | Note
-------+----------+-------------------------------------------
     0 | D        | Groucho the Deep Dwarf Gladiator began the quest for the Orb.
     0 | D        | Reached XP level 1. HP: 19/19 MP: 1/1
    12 | D        | Reached skill level 1 in Armour
    12 | D        | Reached skill level 1 in Evocations
    34 | D        | Noticed a worker ant
    34 | D        | Noticed an orc wizard
    38 | D        | Killed a worker ant
    38 | D        | Reached XP level 2. HP: 10/28 MP: 2/4
    43 | D        | Reached XP level 3. HP: 23/34 MP: 2/5
    66 | D        | Reached skill level 5 in Dodging
    76 | D        | Found a roughly hewn altar of Beogh.
    76 | D        | Found a snail-covered altar of Cheibriados.
    76 | D        | Found a shadowy altar of Dithmenos.
    76 | D        | Found a white marble altar of Elyvilon.
    76 | D        | Found a blossoming altar of Fedhas.
    76 | D        | Found an opulent altar of Gozag.
    77 | D        | Found a hazy altar of Hepliaklqana.
    78 | D        | Found a viscous altar of Jiyva.
    79 | D        | Found an ancient bone altar of Kikubaaqudgha.
    80 | D        | Found a corrupted altar of Lugonu.
    81 | D        | Found a burning altar of Makhleb.
    82 | D        | Found a sparkling altar of Nemelex Xobeh.
    83 | D        | Found an iron altar of Okawaru.
    84 | D        | Found a stormy altar of Qazlal.
    85 | D        | Found a sacrificial altar of Ru.
    86 | D        | Found a deep blue altar of Sif Muna.
    87 | D        | Found a bloodstained altar of Trog.
    88 | D        | Found a hide-covered altar of Uskayaw.
    89 | D        | Became a worshipper of Makhleb the Destroyer
    90 | D        | Found a radiant altar of Vehumet.
    91 | D        | Found a shimmering altar of Xom.
    92 | D        | Found a basalt altar of Yredelemnul.
    93 | D        | Found a glowing silver altar of Zin.
    94 | D        | Found a glowing golden altar of the Shining One.
   147 | D        | Noticed an orc warrior
   147 | D        | Noticed a hill giant
   147 | D        | Noticed an orc warrior
   147 | D        | Noticed a water moccasin
   160 | D        | Killed a hill giant
   160 | D        | Reached XP level 4. HP: 32/49 MP: 7/10
   160 | D        | Reached XP level 5. HP: 36/56 MP: 7/11
   160 | D        | Reached XP level 6. HP: 41/63 MP: 7/12
   165 | D        | Killed an orc warrior
   165 | D        | Reached XP level 7. HP: 46/70 MP: 7/13
   167 | D        | Reached * piety under Makhleb
   174 | D        | Reached ** piety under Makhleb
   181 | D        | Noticed a hill giant
   181 | D        | Noticed a centaur warrior
   181 | D        | Noticed a centaur warrior
   181 | D        | Noticed a seven-headed hydra
   187 | D        | Killed a hill giant
   187 | D        | Reached skill level 10 in Evocations
   187 | D        | Reached XP level 8. HP: 23/81 MP: 9/15
   196 | D        | Killed a centaur warrior
   196 | D        | Reached skill level 10 in Axes
   196 | D        | Reached skill level 10 in Dodging
   206 | D        | Killed a centaur warrior
   206 | D        | Reached skill level 10 in Armour
   206 | D        | Gained mutation: You passively map the area around you. [Deep Dwarf growth]
   206 | D        | Reached XP level 9. HP: 55/91 MP: 11/18
   215 | D        | Killed a seven-headed hydra
   215 | D        | Reached *** piety under Makhleb
   346 | D        | Noticed a spiny frog
   349 | D        | Noticed a spiny frog
   359 | D        | Reached **** piety under Makhleb
   375 | D        | Killed a spiny frog
   375 | D        | Reached skill level 10 in Fighting
   375 | D        | Reached XP level 10. HP: 81/102 MP: 19/19
   379 | D        | Reached ***** piety under Makhleb
   385 | D        | Killed a spiny frog
   773 | D        | Noticed a spiny frog
   773 | D        | Noticed an elephant
   781 | D        | Killed a spiny frog
   787 | D        | Noticed a spiny frog
   799 | D        | Killed an elephant
   806 | D        | Noticed a spiny frog
   809 | D        | Reached ****** piety under Makhleb
   819 | D        | Killed a spiny frog
   823 | D        | Killed a spiny frog
   882 | D        | Reached XP level 11. HP: 111/111 MP: 22/22
   957 | D        | Noticed Sonja
   966 | D        | Noticed Urug
   969 | D        | Killed Sonja
   981 | D        | Killed Urug
   981 | D        | Reached skill level 15 in Evocations
  1136 | D        | Noticed Psyche
  1144 | D        | Killed Psyche
  1364 | D        | Noticed an orc knight
  1364 | D        | Noticed an orc high priest
  1370 | D        | Killed an orc knight
  1370 | D        | Reached skill level 1 in Invocations
  1375 | D        | Noticed an orc knight
  1390 | D        | Killed an orc high priest
  1394 | D        | Noticed an orc knight
  1412 | D        | Killed an orc knight
  1420 | D        | Killed an orc knight
  1488 | D        | Found Neurhaott's General Store.
  1488 | D        | Noticed an orc sorcerer
  1491 | D        | Found Haogah's General Store.
  1491 | D        | Noticed an orc sorcerer
  1502 | D        | Killed an orc sorcerer
  1511 | D        | Noticed a soul eater
  1512 | D        | Killed an orc sorcerer
  1542 | D        | Found Cuqedgh's Armour Emporium.
  1546 | D        | Found Zunem's Antique Weapon Shoppe.
  1548 | D        | Noticed an orc sorcerer
  1549 | D        | Noticed an orc sorcerer
  1550 | D        | Noticed an orc sorcerer
  1551 | D        | Noticed a sixfirhy
  1564 | D        | Killed an orc sorcerer
  1568 | D        | Killed an orc sorcerer
  1574 | D        | Killed an orc sorcerer
  1651 | D        | Bought a scroll of enchant weapon for 97 gold pieces
  1651 | D        | Bought a scroll of random uselessness for 13 gold pieces
  1653 | D        | Bought a scroll of recharging for 104 gold pieces
  1653 | D        | Bought a potion of invisibility for 88 gold pieces
  1653 | D        | Bought a scroll of enchant armour for 82 gold pieces
  1906 | D        | Noticed an orc knight
  1915 | D        | Killed an orc knight
  1915 | D        | Reached skill level 5 in Invocations
  1921 | D        | Noticed a wizard
  1928 | D        | Killed an unseen horror
  1933 | D        | Noticed a yaktaur captain
  1941 | D        | Reached skill level 15 in Axes
  1944 | D        | Noticed a wizard
  1948 | D        | Killed a wizard
  1948 | D        | Reached skill level 15 in Dodging
  1948 | D        | Reached XP level 12. HP: 123/123 MP: 22/22
  1951 | D        | Noticed a vampire mage
  1952 | D        | Killed a yaktaur captain
  1962 | D        | Killed a vampire mage
  1962 | D        | Reached skill level 15 in Armour
  2017 | D        | Noticed Donald
  2033 | D        | Killed Donald
  2499 | D        | Noticed a merfolk impaler
  2506 | D        | Killed a merfolk impaler
  2798 | D        | Noticed an emperor scorpion
  2804 | D        | Killed an emperor scorpion
  2818 | D        | Killed a ghost moth
  2830 | D        | Reached XP level 13. HP: 131/135 MP: 3/23
  3278 | D        | Reached skill level 10 in Invocations
  3568 | D        | Noticed an emperor scorpion
  3582 | D        | Noticed Frances
  3590 | D        | Killed an emperor scorpion
  3598 | D        | Killed Frances
  3701 | D        | Noticed a stone giant
  3701 | D        | Noticed a stone giant
  3708 | D        | Killed a stone giant
  3712 | D        | Killed a stone giant
  3717 | D        | Noticed a fire dragon
  3719 | D        | Noticed a jiangshi
  3719 | D        | Noticed a fire giant
  3728 | D        | Noticed a stone giant
  3743 | D        | Killed a fire dragon
  3744 | D        | Noticed an ettin
  3747 | D        | HP: 1/135 [fire giant/fireball (14)]
  3749 | D        | Slain by a fire giant

Skill      XL: |  1  2  3  4  5  6  7  8  9 10 11 12 13 |
---------------+----------------------------------------+-----
Fighting       | 3 6 7 9 10 11 12 14 | 14.2
Armour         | 2 7 8 10 11 12 14 16 19 | 19.4
Evocations     | 3 8 9 10 12 13 14 16 17 | 17.3
Axes           | 4 7 8 9 10 11 13 15 16 19 | 19.7
Dodging        | 4 8 9 11 13 15 16 | 16.5
Invocations    | 5 9 13 | 13.4
Throwing       | |  1.7

Action                   |  1- 3 |  4- 6 |  7- 9 | 10-12 | 13-15 || total
-------------------------+-------+-------+-------+-------+-------++-------
Melee: War axe           |    48 |       |       |       |       ||    48
       Broad axe         |    10 |     5 |    51 |   324 |       ||   390
       Dire flail        |       |       |    30 |       |       ||    30
       Executioner's axe |       |       |       |   104 |   135 ||   239
Invok: Minor Destruction |       |       |       |     3 |       ||     3
       Major Destruction |       |       |       |     8 |       ||     8
 Abil: Device Recharging |       |       |       |     2 |       ||     2
Evoke: Wand              |       |       |       |    10 |       ||    10
  Use: Potion            |     6 |       |     1 |     7 |     2 ||    16
 Stab: Invisible         |     1 |     1 |     2 |       |       ||     4
  Eat: Fruit             |       |       |       |     8 |       ||     8
       Bread ration      |       |       |       |     1 |       ||     1
Armor: Leather armour    |    13 |       |       |       |       ||    13
       Chain mail        |     1 |       |    57 |   143 |       ||   201
       Crystal plate arm |       |       |       |   129 |   113 ||   242
Dodge: Dodged            |    34 |     3 |    63 |   226 |    82 ||   408
